TOP OF THE 1ST |
Kalamazoo Royale with Cheese batting - Pitching for Kansas City Kings : RHP Javier García
|
Pitching: RHP Javier García
|
|
Batting: RHB Andy Aiton
|
0-0: Foul Ball, location: 2F 0-1: Foul Ball, location: 2F 0-2: Ball 1-2: Ball 2-2: Ball 3-2: Strikes out swinging
|
Batting: LHB Robinson Fernández
|
0-0: Foul Ball, location: 2F 0-1: Foul Ball, location: 2F 0-2: Ball 1-2: Ball 2-2: Fly out, F8 (Line Drive, 8LD)
|
Batting: LHB Bill McJannett
|
0-0: Called Strike 0-1: Foul Ball, location: 2F 0-2: Ball 1-2: Ball 2-2: Strikes out looking
|
Top of the 1st over - 0 run(s), 0 hit(s), 0 error(s), 0 left on base; Kalamazoo 0 - Kansas City 0 |
BOTTOM OF THE 1ST |
Kansas City Kings batting - Pitching for Kalamazoo Royale with Cheese : RHP Jason Taylor
|
Pitching: RHP Jason Taylor
|
|
Batting: LHB Bruno Lalonde
|
0-0: Foul Ball, location: 2F 0-1: Ball 1-1: Foul Ball, location: 2F 1-2: Foul Ball, location: 2F 1-2: Ball 2-2: Ball 3-2: Fly out, F8 (Flyball, 8LD)
|
Batting: SHB Douglas Taylor
|
0-0: Called Strike 0-1: Ball 1-1: Foul Ball, location: 2F 1-2: Ball 2-2: Strikes out swinging
|
Batting: RHB Toshimichi Kono
|
0-0: Ball 1-0: Called Strike 1-1: Ground out 5-3 (Groundball, 5)
|
Bottom of the 1st over - 0 run(s), 0 hit(s), 0 error(s), 0 left on base; Kalamazoo 0 - Kansas City 0 |
TOP OF THE 2ND |
Kalamazoo Royale with Cheese batting - Pitching for Kansas City Kings : RHP Javier García
|
Batting: LHB William Ruffo
|
0-0: Ball 1-0: Called Strike 1-1: Swinging Strike 1-2: Ball 2-2: Strikes out looking
|
Batting: LHB Roberto Sandoval
|
0-0: Called Strike 0-1: Ball 1-1: Foul Ball, location: 2F 1-2: Strikes out looking and he physically ARGUES THE CALL AND IS TOSSED!
|
Batting: LHB Al Mills
|
0-0: Ball 1-0: Foul Ball, location: 2F 1-1: Ball 2-1: Ball 3-1: Fly out, F7 (Flyball, 7LMF)
|
Top of the 2nd over - 0 run(s), 0 hit(s), 0 error(s), 0 left on base; Kalamazoo 0 - Kansas City 0 |
BOTTOM OF THE 2ND |
Kansas City Kings batting - Pitching for Kalamazoo Royale with Cheese : RHP Jason Taylor
|
Now at 3B: Miguel Encarnación
|
|
Batting: RHB Chris Chandler
|
0-0: SINGLE (Line Drive, 6D)
|
Batting: LHB Luis González
|
0-0: Ball 1-0: Ball 2-0: Swinging Strike 2-1: Swinging Strike 2-2: Strikes out looking
|
Batting: RHB Dave Parker
|
0-0: Ball 1-0: Foul Ball, location: 2F 1-1: Ball 2-1: Grounds into double play, 5-4-3 (Groundball, 56)
|
Bottom of the 2nd over - 0 run(s), 1 hit(s), 0 error(s), 0 left on base; Kalamazoo 0 - Kansas City 0 |
TOP OF THE 3RD |
Kalamazoo Royale with Cheese batting - Pitching for Kansas City Kings : RHP Javier García
|
Batting: RHB Run-ming Zhu
|
0-0: Called Strike 0-1: Foul Ball, location: 2F 0-2: Ball 1-2: Foul Ball, location: 2F 1-2: Hit by Pitch
|
Batting: LHB António Glaviz
|
0-0: Ball 1-0: Called Strike 1-1: Fielders Choice at 2nd, 4-6 (Groundball, 4)
|
Batting: SHB Bob Noble
|
0-0: Foul Ball, location: 2F 0-1: Ball 1-1: Called Strike 1-2: Ball 2-2: Foul Ball, location: 2F 2-2: Fly out, F3 (Popup, 3L)
|
Batting: RHB Andy Aiton
|
0-0: Fly out, F7 (Flyball, 7S)
|
Top of the 3rd over - 0 run(s), 0 hit(s), 0 error(s), 1 left on base; Kalamazoo 0 - Kansas City 0 |
BOTTOM OF THE 3RD |
Kansas City Kings batting - Pitching for Kalamazoo Royale with Cheese : RHP Jason Taylor
|
Batting: LHB Ray Spencer
|
0-0: Foul Ball, location: 2F 0-1: Ball 1-1: Fly out, F7 (Flyball, 7S)
|
Batting: SHB António De La Cruz
|
0-0: Ground out 3-1 (Groundball, 34)
|
Batting: RHB Tony Quinn
|
0-0: Ball 1-0: Called Strike 1-1: Called Strike 1-2: Ground out 6-3 (Groundball, 6)
|
Bottom of the 3rd over - 0 run(s), 0 hit(s), 0 error(s), 0 left on base; Kalamazoo 0 - Kansas City 0 |
TOP OF THE 4TH |
Kalamazoo Royale with Cheese batting - Pitching for Kansas City Kings : RHP Javier García
|
Batting: LHB Robinson Fernández
|
0-0: Foul Ball, location: 2F 0-1: Called Strike 0-2: Ball 1-2: Foul Ball, location: 2F 1-2: Ball 2-2: Foul Ball, location: 2F 2-2: Strikes out swinging
|
Batting: LHB Bill McJannett
|
0-0: Ball 1-0: SINGLE (Flyball, 7S)
|
Batting: LHB William Ruffo
|
0-0: Called Strike Bill McJannett is caught stealing 2nd base 0-1: Ground out 3-1 (Groundball, 34)
|
Top of the 4th over - 0 run(s), 1 hit(s), 0 error(s), 0 left on base; Kalamazoo 0 - Kansas City 0 |
BOTTOM OF THE 4TH |
Kansas City Kings batting - Pitching for Kalamazoo Royale with Cheese : RHP Jason Taylor
|
Batting: LHB Bruno Lalonde
|
0-0: Bunt for hit - play at first, batter OUT! 2-3
|
Batting: SHB Douglas Taylor
|
0-0: Called Strike 0-1: Ball 1-1: Foul Ball, location: 2F 1-2: Ground out 6-3 (Groundball, 6)
|
Batting: RHB Toshimichi Kono
|
0-0: Foul Ball, location: 2F 0-1: Ball 1-1: Ball 2-1: Ball 3-1: Swinging Strike 3-2: Ground out 5-3 (Groundball, 56S)
|
Bottom of the 4th over - 0 run(s), 0 hit(s), 0 error(s), 0 left on base; Kalamazoo 0 - Kansas City 0 |
TOP OF THE 5TH |
Kalamazoo Royale with Cheese batting - Pitching for Kansas City Kings : RHP Javier García
|
Batting: RHB Miguel Encarnación
|
0-0: Ball 1-0: Called Strike 1-1: Ball 2-1: Swinging Strike 2-2: Ball 3-2: Foul Ball, location: 2F 3-2: Strikes out swinging
|
Batting: LHB Al Mills
|
0-0: Ball 1-0: Called Strike 1-1: Ground out 4-3 (Groundball, 4)
|
Batting: RHB Run-ming Zhu
|
0-0: Ball 1-0: Foul Ball, location: 2F 1-1: Foul Ball, location: 2F 1-2: Ball 2-2: Foul Ball, location: 2F 2-2: Ball 3-2: Strikes out swinging
|
Top of the 5th over - 0 run(s), 0 hit(s), 0 error(s), 0 left on base; Kalamazoo 0 - Kansas City 0 |
BOTTOM OF THE 5TH |
Kansas City Kings batting - Pitching for Kalamazoo Royale with Cheese : RHP Jason Taylor
|
Batting: RHB Chris Chandler
|
0-0: Ball 1-0: Ball 2-0: Called Strike 2-1: Ball 3-1: Base on Balls
|
Batting: LHB Luis González
|
0-0: Ball 1-0: Ball 2-0: Foul Ball, location: 2F 2-1: Swinging Strike 2-2: Strikes out looking
|
Batting: RHB Dave Parker
|
0-0: Foul Ball, location: 2F 0-1: Ball 1-1: Fly out, F8 (Flyball, 8RS)
|
Batting: LHB Ray Spencer
|
0-0: Ball Chris Chandler is caught stealing 2nd base
|
Bottom of the 5th over - 0 run(s), 0 hit(s), 0 error(s), 0 left on base; Kalamazoo 0 - Kansas City 0 |
TOP OF THE 6TH |
Kalamazoo Royale with Cheese batting - Pitching for Kansas City Kings : RHP Javier García
|
Batting: LHB António Glaviz
|
0-0: Called Strike 0-1: Ball 1-1: Foul Ball, location: 2F 1-2: Ground out 5-3 (Groundball, 56)
|
Batting: SHB Bob Noble
|
0-0: Swinging Strike 0-1: Ball 1-1: SINGLE (Line Drive, 9S)
|
Batting: RHB Andy Aiton
|
0-0: Called Strike 0-1: Ground out 5-3 (Groundball, 56) Bob Noble to second
|
Batting: LHB Robinson Fernández
|
0-0: Swinging Strike 0-1: Foul Ball, location: 2F 0-2: Fly out, F6 (Line Drive, 6M)
|
Top of the 6th over - 0 run(s), 1 hit(s), 0 error(s), 1 left on base; Kalamazoo 0 - Kansas City 0 |
BOTTOM OF THE 6TH |
Kansas City Kings batting - Pitching for Kalamazoo Royale with Cheese : RHP Jason Taylor
|
Batting: LHB Ray Spencer
|
0-0: Ball 1-0: Ball 2-0: Foul Ball, location: 2F 2-1: Called Strike 2-2: Strikes out swinging
|
Batting: SHB António De La Cruz
|
0-0: Swinging Strike 0-1: Foul Ball, location: 2F 0-2: Ball 1-2: Foul Ball, location: 2F 1-2: Foul Ball, location: 2F 1-2: Ground out 3-1 (Groundball, 34D)
|
Batting: RHB Tony Quinn
|
0-0: Ground out 6-3 (Groundball, 6)
|
Bottom of the 6th over - 0 run(s), 0 hit(s), 0 error(s), 0 left on base; Kalamazoo 0 - Kansas City 0 |
TOP OF THE 7TH |
Kalamazoo Royale with Cheese batting - Pitching for Kansas City Kings : RHP Javier García
|
Batting: LHB Bill McJannett
|
0-0: Foul Ball, location: 2F 0-1: Ball 1-1: Foul Ball, location: 2F 1-2: Ball 2-2: Foul Ball, location: 2F 2-2: Foul Ball, location: 2F 2-2: Foul Ball, location: 2F 2-2: Foul Ball, location: 2F 2-2: Foul Ball, location: 2F 2-2: Ball 3-2: Strikes out swinging
|
Batting: LHB William Ruffo
|
0-0: Ball 1-0: Ball 2-0: Ball 3-0: Called Strike 3-1: Fly out, F9 (Line Drive, 9LD)
|
Batting: RHB Miguel Encarnación
|
0-0: Ball 1-0: Swinging Strike 1-1: Ball 2-1: Foul Ball, location: 2F 2-2: SOLO HOME RUN (Line Drive, 7D), Distance : 390 ft
|
Batting: LHB Al Mills
|
0-0: Called Strike 0-1: Ground out 1-3 (Groundball, P)
|
Top of the 7th over - 1 run(s), 1 hit(s), 0 error(s), 0 left on base; Kalamazoo 1 - Kansas City 0 |
BOTTOM OF THE 7TH |
Kansas City Kings batting - Pitching for Kalamazoo Royale with Cheese : RHP Jason Taylor
|
Batting: LHB Bruno Lalonde
|
0-0: Called Strike 0-1: Ground out 4-3 (Groundball, 4MS)
|
Batting: SHB Douglas Taylor
|
0-0: Swinging Strike 0-1: Ball 1-1: Called Strike 1-2: Strikes out swinging
|
Batting: RHB Toshimichi Kono
|
0-0: Ball 1-0: Swinging Strike 1-1: DOUBLE (Line Drive, 9LD)
|
Batting: RHB Chris Chandler
|
0-0: Ball 1-0: Ball 2-0: Called Strike 2-1: Foul Ball, location: 2F 2-2: Ball 3-2: Base on Balls
|
Batting: LHB Luis González
|
0-0: Fielders Choice at 2nd, 4-6 (Groundball, 4)
|
Bottom of the 7th over - 0 run(s), 1 hit(s), 0 error(s), 1 left on base; Kalamazoo 1 - Kansas City 0 |
TOP OF THE 8TH |
Kalamazoo Royale with Cheese batting - Pitching for Kansas City Kings : RHP Javier García
|
Pitching: LHP Ignacio Colón
|
|
Batting: RHB Run-ming Zhu
|
0-0: Foul Ball, location: 2F 0-1: Ball 1-1: Reached on error, E6 (Groundball, 6S)
|
Pinch Hitting: RHB Alfredo Cortéz
|
0-0: DOUBLE (Line Drive, 7LM) Run-ming Zhu to third
|
Batting: SHB Bob Noble
|
0-0: Ground out 6-3 (Groundball, 56S)
|
Batting: RHB Andy Aiton
|
0-0: SINGLE (Line Drive, 8LS) Run-ming Zhu scores Alfredo Cortéz to third Runner from 3rd tries for Home, SAFE, throw made home Andy Aiton to second
|
Batting: LHB Robinson Fernández
|
0-0: Intentional Walk
|
Pitching: RHP Mike Hodges
|
|
Batting: LHB Bill McJannett
|
0-0: Called Strike 0-1: Ball 1-1: Ball 2-1: Fly out, F4 (Popup, 34D)
|
Batting: LHB William Ruffo
|
0-0: Foul Ball, location: 2F 0-1: Ball 1-1: Swinging Strike 1-2: TRIPLE (Flyball, 8RXD) Andy Aiton scores Robinson Fernández scores
|
Batting: RHB Miguel Encarnación
|
0-0: Ball 1-0: Ground out 5-3 (Groundball, 5)
|
Top of the 8th over - 4 run(s), 3 hit(s), 1 error(s), 1 left on base; Kalamazoo 5 - Kansas City 0 |
BOTTOM OF THE 8TH |
Kansas City Kings batting - Pitching for Kalamazoo Royale with Cheese : RHP Jason Taylor
|
Now in RF: Pedro Rosado
|
|
Batting: RHB Dave Parker
|
0-0: Fly out, F2 (Popup, 23)
|
Batting: LHB Ray Spencer
|
0-0: Called Strike 0-1: Ball 1-1: Reached on error, E5 (Groundball, 56S)
|
Batting: SHB António De La Cruz
|
0-0: Ball 1-0: Foul Ball, location: 2F 1-1: Fly out, F8 (Flyball, 8RM)
|
Batting: RHB Tony Quinn
|
0-0: Called Strike 0-1: Ball 1-1: Fielders Choice at 2nd, 6-4 (Groundball, 6)
|
Bottom of the 8th over - 0 run(s), 0 hit(s), 1 error(s), 0 left on base; Kalamazoo 5 - Kansas City 0 |
TOP OF THE 9TH |
Kalamazoo Royale with Cheese batting - Pitching for Kansas City Kings : RHP Mike Hodges
|
Batting: LHB Al Mills
|
0-0: Fly out, F8 (Flyball, 78M)
|
Batting: RHB Run-ming Zhu
|
0-0: Ball 1-0: Ball 2-0: Foul Ball, location: 2F 2-1: Ball 3-1: Base on Balls
|
Batting: RHB Pedro Rosado
|
0-0: Called Strike 0-1: Ball 1-1: Swinging Strike 1-2: Strikes out looking
|
Batting: SHB Bob Noble
|
0-0: Foul Ball, location: 2F 0-1: Ground out 1-3 (Groundball, 13)
|
Top of the 9th over - 0 run(s), 0 hit(s), 0 error(s), 1 left on base; Kalamazoo 5 - Kansas City 0 |
BOTTOM OF THE 9TH |
Kansas City Kings batting - Pitching for Kalamazoo Royale with Cheese : RHP Jason Taylor
|
Batting: LHB Bruno Lalonde
|
0-0: Called Strike 0-1: Fly out, F8 (Flyball, 8RD)
|
Batting: SHB Douglas Taylor
|
0-0: Foul Ball, location: 2F 0-1: Called Strike 0-2: Foul Ball, location: 2F 0-2: Fly out, F6 (Popup, 6)
|
Batting: RHB Toshimichi Kono
|
0-0: Ball 1-0: Called Strike 1-1: Fly out, F5 (Line Drive, 5)
|
Bottom of the 9th over - 0 run(s), 0 hit(s), 0 error(s), 0 left on base; Kalamazoo 5 - Kansas City 0 |
|